 Dungeon Crawl Stone Soup version 0.32-a0-656-g3542139ebd (webtiles) character file.

Game seed: 4399082322519384569

379 Dittersdorf the Shield-Bearer (level 6, 0/40 HPs)
             Began as a Gargoyle Fighter on Mar 8, 2024.
             Slain by Edmund
             ... wielding a +2 dire flail of holy wrath
              (11 damage)
             ... on level 5 of the Dungeon.
             The game lasted 00:02:52 (3512 turns).

Dittersdorf the Shield-Bearer (Gargoyle Fighter)    Turns: 3512, Time: 00:02:52

Health: 0/40       AC: 18    Str: 27    XL:     6   Next: 74%
Magic:  6/6        EV:  8    Int:  9    God:
Gold:   161        SH:  4    Dex:  9    Spells: 5/5 levels left

rFire   . . .        w - +2 whip (drain)
rCold   . . .        c - +0 buckler
rNeg    + . .        m - +0 chain mail
rPois   ∞            (no helmet)
rElec   +            (no cloak)
rCorr   .            (no gloves)
SInv    .            (no boots)
Will    .....        r - amulet of magic regeneration Stlth
                     h - +4 ring of protection
HPRegen 0.26/turn    t - +6 ring of strength
MPRegen 0.50/turn

%: no passive effects
@: no status effects
A: sickness immunity, AC +4, negative energy resistance 1, electricity
resistance, torment resistance 1, petrification resistance
a: no special abilities


You were on level 5 of the Dungeon.
You visited 1 branch of the dungeon, and saw 5 of its levels.

You collected 161 gold pieces.

Inventory:

Hand Weapons
 a - a +0 flail
 w - a +2 whip of draining (weapon)
Armour
 c - a +0 buckler (worn)
 m - a +0 chain mail (worn)
Jewellery
 h - a +4 ring of protection (left hand)
 r - an amulet of magic regeneration (around neck)
 t - a +6 ring of strength (right hand)
Wands
 v - a wand of mindburst (15) (quivered)
Scrolls
 b - a scroll of immolation
 g - 2 scrolls of amnesia {unknown}
 k - 5 scrolls of identify {unknown}
 l - 2 scrolls of revelation {unknown}
 n - 3 scrolls of teleportation {unknown}
 q - 2 scrolls of vulnerability {unknown}
 s - 2 scrolls of poison {unknown}
 y - a scroll of brand weapon {unknown}
Potions
 d - 2 potions of might
 e - 2 potions of heal wounds {unknown}
 f - a potion of berserk rage {unknown}
 i - a potion of enlightenment {unknown}
 j - 2 potions of resistance {unknown}
 o - a potion of brilliance {unknown}
 p - 2 potions of degeneration {unknown}
 u - a potion of lignification {unknown}
 x - 2 potions of attraction {unknown}
 z - a potion of haste {unknown}


   Skills:
 + Level 4.9 Fighting
 + Level 3.9 Maces & Flails
 + Level 4.8 Armour
 + Level 4.9 Shields


You had 5 spell levels left.
You didn't know any spells.
Your spell library contained the following spells:

 Spells                   Type           Power      Damage    Failure   Level
 Lesser Beckoning         Tloc           0%         N/A       97%         2
 Gell's Gravitas          Tloc           0%         N/A       100%        3
 Teleport Other           Tloc           0%         N/A       100%        3


Dungeon Overview and Level Annotations

Branches:
Dungeon (5/15)
 Temple: D:4-7

Altars:
Fedhas

Annotations:
D:3 1 runed translucent door, osoart's ghost, amateur OpCj
D:5 Edmund


Innate Abilities, Weirdness & Mutations

You are immune to sickness and miasma.
Your stone body is resilient. (AC +4)
You are immune to poison.
You resist negative energy. (rN+)
You are resistant to electric shocks. (rElec)
You are resistant to unholy torment.
You are immune to petrification.


Message History

You hit the orc but do no damage. You block the orc's attack.
Edmund says, "I'm quite good with sums, too."
You hit the orc. You drain the orc.
You kill the orc!
You barely miss the orc. The orc hits you but does no damage.
You whack the orc!
You kill the orc!
You hit the orc but do no damage. You drain the orc.
The orc is heavily wounded.
The orc barely misses you.
You hit the orc.
You kill the orc!
You hit Edmund but do no damage.
Edmund hits you with a +2 dire flail of holy wrath.
You hit Edmund.
Edmund is lightly wounded.
You closely miss Edmund.
Edmund is lightly wounded.
Edmund misses you.
You hit Edmund but do no damage. You drain Edmund.
Edmund is lightly wounded.
Edmund hits you with a +2 dire flail of holy wrath!
You hit Edmund but do no damage.
Edmund is lightly wounded.
Edmund barely misses you.
You hit Edmund but do no damage. You drain Edmund.
Edmund is lightly wounded.
Edmund hits you with a +2 dire flail of holy wrath.
You hit Edmund but do no damage.
Edmund is lightly wounded.
Edmund hits you with a +2 dire flail of holy wrath!
You hit Edmund.
Edmund is moderately wounded.
Edmund hits you with a +2 dire flail of holy wrath.
* * * LOW HITPOINT WARNING * * *
You hit Edmund but do no damage.
Edmund is moderately wounded.
Edmund hits you with a +2 dire flail of holy wrath!
You die...
Edmund says, "That'll show my brother!"

.# .# .# ..
.# .#
.########.#
......@@..#
......##..#
..... #..#
.... #..#
... #..# ##
#..# #..#
#..######
#........ #


You could see Edmund (very drained).

Vanquished Creatures
  A wyvern (D:4)
  A scorpion (D:5)
  A hound (D:4)
  An iguana (D:4)
  2 adders
  2 dart slugs
  2 ribbon worms
  6 orcs
  6 ball pythons
  10 bats
  7 endoplasms
  A giant cockroach (D:3)
  8 goblins
  7 hobgoblins
  7 jackals
  4 quokkas
  5 frilled lizards
  8 kobolds
  3 rats
82 creatures vanquished.

Notes
Turn   | Place    | Note
-------+----------+-------------------------------------------
     0 | D:1      | Dittersdorf the Gargoyle Fighter began the quest for the
                  | Orb.
     0 | D:1      | Reached XP level 1. HP: 14/14 MP: 1/1
   183 | D:1      | Reached XP level 2. HP: 15/19 MP: 2/2
   453 | D:1      | Reached XP level 3. HP: 23/23 MP: 3/3
   517 | D:1      | Found a faded altar of an unknown god.
  1137 | D:2      | Found a blossoming altar of Fedhas.
  1480 | D:3      | Reached XP level 4. HP: 29/29 MP: 4/4
  2158 | D:3      | Identified the +10 short sword of the Slashing Augurer
                  | {flame, rCorr Str+3 Int+3}
  2337 | D:3      | Found a runed translucent door.
  2338 | D:3      | Noticed osoart's ghost (amateur OpCj)
  2338 | D:3      | Noticed a scorpion
  2951 | D:4      | Reached XP level 5. HP: 30/33 MP: 5/5
  3204 | D:4      | Noticed a wyvern
  3216 | D:4      | Killed a wyvern
  3217 | D:4      | Reached XP level 6. HP: 23/39 MP: 6/6
  3444 | D:5      | Entered Level 5 of the Dungeon
  3494 | D:5      | Noticed Edmund
  3512 | D:5      | Slain by Edmund

Illustrated notes

Levels and vault maps discovered:
D:1:      lemuel_arrival_broad_hall, layout_basic,
          chequers_ecumenical_altar_island
D:2:      layout_basic, basic_altar
D:3:      layout_basic, ebering_ghost_inner_flame, minmay_misc_feat_x,
          chequers_serial_rivers_large_b, grunt_ministairs_7,
          kennysheep_generic_room_11
D:4:      layout_cave_pools, glass_columns_a
D:5:      layout_basic, general_overflow_altar, uniq_sigmund, uniq_edmund

Skill      XL: |  1  2  3  4 |
---------------+-------------+-----
Shields        | 4 |  4.9
Fighting       | 4 |  4.9
Maces & Flails | 3 |  3.9
Armour         | 4 |  4.8

Action                     |  1- 3 |  4- 6 || total
---------------------------+-------+-------++-------
  Melee: Flail             |   137 |   106 ||   243
         Whip              |       |    46 ||    46
 Armour: Scale mail        |    91 |       ||    91
         Chain mail        |    33 |   128 ||   161
  Dodge: Dodged            |    80 |    63 ||   143
  Block: Buckler           |    39 |    25 ||    64

Table legend: (Time is in decaauts)
 A = Elapsed time spent in this place.
 B = Non-inter-level travel time spent in this place.
 C = Inter-level travel time spent in this place.
 D = Time resting spent in this place.
 E = Time spent auto-exploring this place.
 F = Levels seen in this place.
 G = Mean time per level.
                   A        B        C        D        E       F      G
               +--------+--------+--------+--------+--------+-----+--------+
         Total |   3631 |   3476 |    155 |      0 |   2838 |   5 |  726.2 |
       Dungeon |   3631 |   3476 |    155 |      0 |   2838 |   5 |  726.2 |
               +--------+--------+--------+--------+--------+-----+--------+

Top non-repeatable levels by time:
     D:3: 1498 daAuts
     D:1: 824 daAuts
     D:2: 641 daAuts
     D:4: 602 daAuts
     D:5: 65 daAuts
